 Dungeon Crawl Stone Soup version 0.30-a0-626-gd6a5dd7a1f (webtiles) character file.

Game seed: 15588404907597072086

5572 dracfodder the Geomancer (level 10, 0/53 HPs)
             Began as a Gargoyle Earth Elementalist on Jan 11, 2023.
             Was an Initiate of Vehumet.
             Slain by a yak (4 damage)
             ... on level 1 of the Lair of Beasts.
             The game lasted 01:17:36 (12960 turns).

dracfodder the Geomancer (GrEE)                    Turns: 12960, Time: 01:17:36

Health: 0/53       AC: 12    Str: 17    XL:     10   Next: 72%
Magic:  10/23      EV: 17    Int: 21    God:    Vehumet [......]
Gold:   570        SH:  0    Dex: 10    Spells: 14/27 levels left

rFire   + . .      SeeInvis .    b - +0 war axe (heavy)
rCold   + . .      Faith    .    (no shield)
rNeg    + . .      Spirit   .    g - +0 robe
rPois   ∞          Reflect  .    (no helmet)
rElec   +          Harm     .    h - +2 cloak of Free Will {rF+ rC+}
rCorr   .          Rampage  .    (no gloves)
Will    .....                    (no boots)
Stlth   ++                       (no amulet)
HPRegen 0.28/turn                q - +6 ring of strength
MPRegen 0.18/turn                j - +5 ring of evasion

@: no status effects
A: sickness immunity, AC +7, negative energy resistance 1, electricity
resistance, torment resistance 1, petrification resistance
a: Renounce Religion


You were on level 1 of the Lair of Beasts.
You worshipped Vehumet.
Vehumet was noncommittal.
You visited 3 branches of the dungeon, and saw 11 of its levels.
You also visited: Sewer and Ossuary.

You collected 570 gold pieces.

Inventory:

Hand Weapons
 a - a +0 sling of freezing
 b - a +0 heavy war axe (weapon)
 k - a +2 quarterstaff of draining
 z - the +8 dagger of Cobwebs {protect, rC+ Will+}
   (You took it off an orc on level 9 of the Dungeon)

   rC:        It protects you from cold.
   Will:      It increases your willpower.
 B - the +7 trident of the Piercing Butterfly {freeze, *Rage *Corrode rPois Stlth+}
   (You found it on level 9 of the Dungeon)

   rPois:     It protects you from poison.
   *Rage:     It berserks you when you make melee attacks (+20% chance).
   *Corrode:  It may corrode you when you take damage.
   Stlth:     It makes you more stealthy.
 C - a +0 flail of holy wrath
Missiles
 x - 2 throwing nets
Armour
 g - a +0 robe (worn)
 h - the +2 cloak of Free Will (worn) {rF+ rC+}
   (You acquired it on level 4 of the Dungeon)

   rF:        It protects you from fire.
   rC:        It protects you from cold.
Magical Staves
 n - a staff of poison
Jewellery
 j - a +5 ring of evasion (right hand)
 o - a ring of protection from fire
 q - a +6 ring of strength (left hand)
 v - an amulet of faith
 y - the amulet of the Princess {Spirit Regen+ Dex+4}
   (You took it off an orc on level 8 of the Dungeon)

   [amulet of guardian spirit]

   It causes incoming damage to be divided between your reserves of health and
   magic.
   Dex:       It affects your dexterity (+4).
   Regen:     It increases your rate of health regeneration.
Wands
 e - a wand of digging (7)
 m - a wand of iceblast (2)
Scrolls
 c - 7 scrolls of teleportation
 l - 2 scrolls of magic mapping
 s - 2 scrolls of fog
 w - 8 scrolls of identify
 A - a scroll of butterflies
Potions
 d - 5 potions of brilliance
 f - 2 potions of magic
 i - 8 potions of curing
 p - 4 potions of flight
 r - 3 potions of cancellation
 t - 2 potions of resistance
 u - 2 potions of invisibility


   Skills:
 + Level 1.9 Fighting
 + Level 0.3 Axes
 + Level 1.5 Ranged Weapons
 + Level 2.4 Dodging
 + Level 3.7 Stealth
 + Level 9.3 Spellcasting
 + Level 5.3 Conjurations
 + Level 2.5 Transmutations
 + Level 2.9 Air Magic
 + Level 9.4 Earth Magic
 + Level 4.9 Poison Magic


You had 14 spell levels left.
You knew the following spells:

 Your Spells              Type           Power      Damage    Failure   Level
a - Sandblast             Erth           98%        2d20      1%          1
b - Passwall              Tmut/Erth      28%        N/A       1%          2
c - Sting                 Tmut/Pois      100%       1d8       1%          1
d - Stone Arrow           Conj/Erth      80%        3d12      1%          3
e - Poisonous Vapours     Pois/Air       52%        N/A       2%          2
f - Olgreb's Toxic Radia  Pois           30%        N/A       10%         4

Your spell library contained the following spells:

 Spells                   Type           Power      Damage    Failure   Level
 Wereblood                Tmut           20%        N/A       3%          2
 Spider Form              Tmut/Pois      25%        N/A       4%          3
 Petrify                  Tmut/Erth      34%        N/A       6%          4
 Ensorcelled Hibernation  Hex/Ice        18%        N/A       11%         2
 Anguish                  Hex/Necr       4%         N/A       56%         4
 Summon Hydra             Summ           4%         N/A       100%        7
 Sublimation of Blood     Necr           Unusable   N/A       N/A         2

Dungeon Overview and Level Annotations

Branches:
Dungeon (9/15)             Temple (1/1) D:7            Lair (1/5) D:9
  Sewer (visited)         Ossuary (visited)
    Orc: D:9-12

Altars:
Ashenzari
Cheibriados
Dithmenos
Elyvilon
Fedhas
Gozag
Hepliaklqana
Kikubaaqudgha
Makhleb
Nemelex Xobeh
Okawaru
Qazlal
Ru
Sif Muna
Trog
Uskayaw
Vehumet
Wu Jian
Xom
Yredelemnul
Zin

Shops:
D:6 :


Innate Abilities, Weirdness & Mutations

You are immune to sickness and miasma.
Your stone body is resilient. (AC +7)
You are immune to poison.
You resist negative energy. (rN+)
You are resistant to electric shocks. (rElec)
You are resistant to unholy torment.
You are immune to petrification.


Message History

Casting: Olgreb's Toxic Radiance (dangerous; 10% risk of failure)
Confirm with . or Enter, or press ? or * to list all spells.
Aiming: Sandblast (safe; 1% risk of failure)
Press: ? - help, Shift-Dir - straight line, f - yak
Aim: a yak (lightly wounded, very poisoned, 91% to hit)
The blast of sand hits the yak!
The yak is heavily wounded.
The yak looks even sicker. x4
Your toxic aura wanes.
Casting: Sandblast (safe; 1% risk of failure)
Confirm with . or Enter, or press ? or * to list all spells.
Aiming: Sandblast (safe; 1% risk of failure)
Press: ? - help, Shift-Dir - straight line, f/p - yak
Aim: a yak (heavily wounded, very poisoned, 91% to hit)
The blast of sand hits the yak!
The yak is severely wounded.
The yak completely misses you.
You slash the yak!
You kill the yak!
Vehumet accepts your kill. The yak closely misses you.
You barely miss the yak.
The yak is moderately wounded.
You barely miss the yak. You hit the yak. The yak closely misses you.
The yak gores you. The yak gores you but does no damage. The yak gores you. x2
The yak gores you!
Unknown command.
You slice the yak!!
The yak is almost dead.
You slash the yak! You barely miss the yak. The yak gores you.
The yak gores you! The yak barely misses you. The yak gores you!
* * * LOW HITPOINT WARNING * * *
The yak barely misses you. The yak gores you but does no damage.
The yak attacks as you move away! The yak gores you.
* * * LOW HITPOINT WARNING * * *
A bullfrog comes into view.
The yak attacks as you move away! The yak closely misses you.
The bullfrog gives a loud, deep croak!
The yak attacks as you move away! The yak gores you.
You die...

##$.# #####...######
............. ............
. .......?..#####.#
.................
.+#........#.......
........YYY#.......
..F.....@......... .
#........#....... ..
#........#.####.P
...#...............
...........................
.#.......................
##.#....#####.####+#.......
.......(#..........#.......
.(.................#.......


You could see 3 yaks and a bullfrog.

Vanquished Creatures
  Harold (D:9)
  An ugly thing (D:9)
  A black mamba (Lair:1)
  Prince Ribbit (D:6)
  A hornet (Lair:1)
  2 yaks (Lair:1)
  A steam dragon (D:8)
  2 wargs (D:9)
  2 water moccasins (D:7)
  2 ice beasts
  5 orc warriors
  3 black bears
  4 centaurs
  2 kobold brigands
  A bullfrog (D:7)
  A gnoll sergeant (D:8)
  2 necrophages
  An elf skeleton (D:5)
  3 scorpions
  4 wights (D:6)
  4 hounds
  2 human zombies
  A jelly (D:7)
  6 orc priests
  2 iguanas (D:5)
  4 orc wizards
  2 human skeletons (D:5)
  A hell rat (Sewer)
  3 mummies (Ossuary)
  5 gnolls (D:8)
  7 adders
  A river rat (Sewer)
  A white imp (D:7)
  2 ufetubi
  2 adder zombies (Ossuary)
  3 worms
  2 dart slugs
  23 orcs
  5 ball pythons
  5 bats
  10 endoplasms
  3 giant cockroaches
  8 goblins
  5 hobgoblins
  3 jackals (D:5)
  A quokka (D:2)
  3 frilled lizards
  A gnoll zombie (Ossuary)
  2 goblin zombies (Ossuary)
  2 hobgoblin zombies (Ossuary)
  15 kobolds
  3 kobold zombies (Ossuary)
  2 orc skeletons (D:5)
  2 quokka zombies (Ossuary)
  10 rats
  5 rat zombies (Ossuary)
196 creatures vanquished.

Vanquished Creatures (others)
  A plant (D:9)
1 creature vanquished.

Grand Total: 197 creatures vanquished

Notes
Turn   | Place    | Note
-------+----------+-------------------------------------------
     0 | D:1      | dracfodder the Gargoyle Earth Elementalist began the quest
                  | for the Orb.
     0 | D:1      | Reached XP level 1. HP: 10/10 MP: 3/3
   165 | D:1      | Reached XP level 2. HP: 15/15 MP: 3/5
   226 | D:1      | Learned a level 2 spell: Passwall
   562 | D:1      | Found a faded altar of an unknown god.
   590 | D:1      | Learned a level 1 spell: Sting
   908 | D:1      | Reached XP level 3. HP: 19/19 MP: 3/6
  1321 | D:2      | Learned a level 3 spell: Stone Arrow
  1588 | D:2      | Found an opulent altar of Gozag.
  2180 | D:2      | Reached skill level 1 in Transmutations
  2180 | D:2      | Reached XP level 4. HP: 24/24 MP: 3/8
  2706 | D:3      | Found a blossoming altar of Fedhas.
  2791 | D:3      | Learned a level 2 spell: Poisonous Vapours
  3464 | D:4      | Identified a scroll of acquirement
  3464 | D:4      | Acquired the +2 cloak of Free Will {rF+ rC+}
  4427 | D:4      | Found a snail-covered altar of Cheibriados.
  4641 | D:5      | Entered Level 5 of the Dungeon
  4657 | D:5      | Reached skill level 1 in Poison Magic
  4781 | D:5      | Reached XP level 5. HP: 28/28 MP: 1/10
  4860 | D:5      | Found a sand-covered staircase.
  4906 | Ossuary  | Entered an ossuary
  4915 | Ossuary  | Reached XP level 6. HP: 15/32 MP: 3/12
  5166 | Ossuary  | Reached skill level 5 in Earth Magic
  5675 | D:5      | Identified the +6 short sword of Ashiskumonn {heavy, Int+3}
  6526 | D:5      | Reached skill level 1 in Ranged Weapons
  6587 | D:5      | Reached skill level 1 in Conjurations
  6791 | D:5      | Reached XP level 7. HP: 36/36 MP: 7/13
  7410 | D:6      | Found a sparkling altar of Nemelex Xobeh.
  7415 | D:6      | Found a glowing drain.
  7419 | D:6      | Reached skill level 5 in Spellcasting
  7584 | Sewer    | Entered a sewer
  7869 | D:6      | Reached XP level 8. HP: 41/41 MP: 8/16
  8056 | D:6      | Found a broken altar of Ashenzari.
  8156 | D:6      | Noticed Prince Ribbit
  8168 | D:6      | Killed Prince Ribbit
  8259 | D:6      | Reached skill level 1 in Air Magic
  8302 | D:6      | Found Fiustry's Book Emporium.
  8501 | D:6      | HP: 2/41 [wight/+1 flail (8)]
  8502 | D:6      | Reached skill level 1 in Fighting
  8846 | D:7      | HP: 2/44 [orc warrior/+3 scimitar (16)]
  8863 | D:7      | Reached XP level 9. HP: 5/48 MP: 12/18
  9227 | D:7      | Found a staircase to the Ecumenical Temple.
  9239 | Temple   | Entered the Ecumenical Temple
 11121 | D:8      | Identified the amulet of the Princess {Spirit Regen+ Dex+4}
 11534 | D:8      | Found an ornate altar of the Wu Jian Council.
 11536 | D:8      | Found a radiant altar of Vehumet.
 11540 | D:8      | Became a worshipper of Vehumet
 11544 | D:8      | Found a bloodstained altar of Trog.
 11670 | D:9      | Identified the +8 dagger of Cobwebs {protect, rC+ Will+}
 11703 | D:9      | Reached XP level 10. HP: 53/53 MP: 2/22
 11833 | D:9      | Found a staircase to the Lair.
 12152 | D:9      | Noticed a cyan ugly thing
 12160 | D:9      | Killed a cyan ugly thing
 12296 | D:9      | Found an opulent altar of Gozag.
 12407 | D:9      | Identified the +7 trident of the Piercing Butterfly
                  | {freeze, *Rage *Corrode rPois Stlth+}
 12540 | D:9      | Noticed Harold
 12546 | D:9      | Killed Harold
 12547 | D:9      | Reached skill level 5 in Conjurations
 12712 | Lair:1   | Entered Level 1 of the Lair of Beasts
 12712 | Lair:1   | Noticed a black mamba
 12718 | Lair:1   | Killed a black mamba
 12815 | Lair:1   | Learned a level 4 spell: Olgreb's Toxic Radiance
 12960 | Lair:1   | Slain by a yak

Illustrated notes

Levels and vault maps discovered:
D:1:      dpeg_arrival_tiny_j, layout_basic, basic_ecumenical_altar,
          minmay_pentomino_s4
D:2:      layout_loops_corners, basic_altar
D:3:      layout_basic, mainiacjoe_overflow_brackets
D:4:      layout_loops_ring, nicolae_overflow_hidden_temple
D:5:      layout_basic, nicolae_ossuary_entry_catacombs
D:6:      layout_cave_pools, nemelex_xobeh_ov_fountains_minmay,
          mainiacjoe_overflow_alcove_2, gup_sewer_entry_glass, serial_shops,
          nicolae_stop_n_shop_1, uniq_prince_ribbit1
D:7:      layout_loops_ring, minmay_temple_entry_gardened_gates,
          dk_rats_in_the_wall
D:8:      layout_cave_pools, grunt_temple_overflow_diamond
D:9:      layout_roguey, grunt_gozag_statues, erik_lair_orcish_takeover,
          uniq_harold
Temple:   nicolae_temple_bog_church
Lair:1:   layout_chaotic_city, infiniplex_staircase_pool_2

Skill      XL: |  1  2  3  4  5  6  7  8  9 10 |
---------------+-------------------------------+-----
Earth Magic    | 4 5 6 7 8 9 |  9.4
Spellcasting   | 3 4 5 6 8 9 |  9.3
Transmutations | 1 2 |  2.5
Poison Magic   | 1 2 3 4 |  4.9
Ranged Weapons | 1 |  1.5
Conjurations   | 1 2 3 4 5 |  5.3
Stealth        | 3 |  3.7
Dodging        | 2 |  2.4
Air Magic      | 1 2 |  2.9
Fighting       | 1 |  1.9
Axes           | |  0.3

Action                   |  1- 3 |  4- 6 |  7- 9 | 10-12 || total
-------------------------+-------+-------+-------+-------++-------
Melee: Hand axe          |     2 |    19 |     2 |       ||    23
       War axe           |       |       |       |     3 ||     3
 Fire: Sling             |     5 |    18 |    12 |       ||    35
 Cast: Sandblast         |    35 |    38 |    53 |    13 ||   139
       Passwall          |     5 |     2 |     4 |       ||    11
       Sting             |    23 |    13 |    11 |     1 ||    48
       Stone Arrow       |     4 |    46 |    93 |    26 ||   169
       Poisonous Vapours |       |    11 |    47 |     4 ||    62
       Olgreb's Toxic Ra |       |       |       |     3 ||     3
  Use: Scroll            |       |    17 |     4 |       ||    21
       Potion            |       |     2 |     5 |       ||     7
Armor: Robe              |     1 |    18 |    22 |     5 ||    46
Dodge: Dodged            |     9 |    40 |    69 |    16 ||   134

Table legend: (Time is in decaauts)
 A = Elapsed time spent in this place.
 B = Non-inter-level travel time spent in this place.
 C = Inter-level travel time spent in this place.
 D = Time resting spent in this place.
 E = Time spent auto-exploring this place.
 F = Levels seen in this place.
 G = Mean time per level.
                   A        B        C        D        E       F      G
               +--------+--------+--------+--------+--------+-----+--------+
         Total |  13059 |  12789 |    270 |   5102 |   5318 |  13 | 1004.5 |
       Dungeon |  11478 |  11238 |    240 |   4389 |   4910 |   9 | 1275.3 |
        Temple |    361 |    331 |     30 |      0 |    256 |   1 |  361.0 |
          Lair |    252 |    252 |      0 |     66 |    146 |   1 |  252.0 |
         Sewer |    190 |    190 |      0 |     94 |      6 |   1 |  190.0 |
       Ossuary |    777 |    777 |      0 |    553 |      0 |   1 |  777.0 |
               +--------+--------+--------+--------+--------+-----+--------+

Top non-repeatable levels by time:
     D:5: 2008 daAuts
     D:2: 1563 daAuts
     D:7: 1303 daAuts
     D:6: 1207 daAuts
     D:4: 1179 daAuts
     D:9: 1154 daAuts
     D:8: 1145 daAuts
     D:1: 1003 daAuts
     D:3: 911 daAuts
 Ossuary: 777 daAuts
  Temple: 361 daAuts
  Lair:1: 252 daAuts
   Sewer: 190 daAuts
